 Dungeon Crawl Stone Soup version 0.12.2-14-g7c90c79 (webtiles) character file.

2082 Gabry the Shield-Bearer (level 8, -2/67 HPs)
             Began as a Minotaur Fighter on Aug 8, 2013.
             Killed from afar by an orc wizard (3 damage)
             ... with a magic dart
             ... on Level 8 of the Dungeon on Aug 9, 2013.
             The game lasted 00:55:16 (6446 turns).

Gabry the Shield-Bearer (Minotaur Fighter)          Turns: 6446, Time: 00:55:16

HP  -2/67        AC  8     Str 21      XL: 8   Next: 80%
MP   2/2         EV  9     Int  5      God:
Gold 309         SH  0     Dex 12      Spells:  0 memorised,  7 levels left

Res.Fire  : . . .   See Invis. : .   h - +4,+2 orc short sword (venom)
Res.Cold  : + + .   Warding    : .   z - +2 dwarf ring mail {rC+}
Life Prot.: . . .   Conserve   : .   c - +1 shield
Res.Poison: .       Res.Corr.  : .   (helmet restricted)
Res.Elec. : .       Clarity    : .   (no cloak)
Sust.Abil.: + .     Spirit.Shd : .   (no gloves)
Res.Mut.  : .       Stasis     : .   (no boots)
Res.Rott. : .       Ctrl.Telep.: .   b - amulet of rage
Saprovore : . . .   Flight     : .   e - ring of protection from cold
                                     n - ring of sustain abilities

@: confused, slightly resistant to hostile enchantments, extremely unstealthy
A: retaliatory headbutt, horns 2
a: Evoke Berserk Rage


You were on level 8 of the Dungeon.
You were not hungry.

You visited 1 branch of the dungeon, and saw 8 of its levels.

You collected 289 gold pieces.

Inventory:

Hand weapons
 h - a +4,+2 orcish short sword of venom (weapon)
 j - a cursed -3,+0 orcish trident
 k - a +0,+0 vampiric dagger (quivered)
 t - a cursed -3,-2 flail
 D - a +3,+2 mace
 E - a +2,+0 whip of pain
Armour
 c - a +1 shield (worn)
 x - a +2 elven robe of cold resistance
 z - a +2 dwarven ring mail of cold resistance (worn)
Magical devices
 a - a wand of confusion (5)
 s - a wand of frost (14) {unknown}
 B - a wand of flame (13) {unknown}
Comestibles
 d - 3 bread rations
 m - a choko
 u - 3 oranges
 F - 17 cheeses
Scrolls
 f - 5 scrolls of remove curse
 r - a scroll of blinking
Jewellery
 b - an amulet of rage (around neck)
 e - a ring of protection from cold (right hand)
 n - a ring of sustain abilities (left hand)
 y - an uncursed ring of teleport control
Potions
 g - 2 potions of heal wounds
 i - 3 potions of curing
 l - a potion of flight {unknown}
 o - a potion of brilliance {unknown}
 p - a potion of resistance {unknown}
 w - a potion of invisibility {unknown}
 C - a potion of agility {unknown}


   Skills:
 + Level 4.7 Fighting
 * Level 5.0 Short Blades
 - Level 3.6 Maces & Flails
 + Level 5.9 Armour
 + Level 5.4 Dodging
 + Level 1.0 Stealth
 + Level 7.2 Shields
 + Level 2.2 Traps


You had 7 spell levels left.
You didn't know any spells.

Dungeon Overview and Level Annotations

Branches:
Dungeon (8/27)
 Temple: D:4-7          Orc: D:6-11        Lair: D:8-13

Altars:
Elyvilon
Makhleb
Nemelex Xobeh
Vehumet
Yredelemnul
the Shining One

Annotations
D:8 Maurice


Innate Abilities, Weirdness & Mutations

You reflexively headbutt those who attack you in melee.
You have a pair of horns on your head.


Message History

The worker ant bites you.
* * * LOW HITPOINT WARNING * * *
The worker ant closely misses you. The ogre closely misses you.
The orc wizard hits you but does no damage.
The orc wizard glows brightly for a moment.
Drink which item? (? for menu, Esc to quit)
You feel much better.
You feel sick.
You feel better.
The worker ant bites you but does no damage.
The orc wizard gestures at you while chanting.
The magic dart hits you! The orc wizard misses you.
The orc wizard looks more healthy.
You hit the worker ant.
The worker ant is poisoned.
You headbutt the worker ant!
The worker ant is severely wounded.
The ogre hits you with a giant club!
* * * LOW HITPOINT WARNING * * *
The orc wizard casts a spell at you. The magic dart hits you!
You die...

#......# #......# #
########### #.....>#
.... #.........#
#.>....#
.....###.........#
#......#
.<....+...........#
#......# .......#
#....t....# #......#
.......# #..oOo....#
######.#
...≈....###..ra@....#
#.#
[..≈......[.#####+###
####'###
............# #.#####
#.......
.............#
#.....# #.......
.....##.....# #.....#
#.......
.≈"...##.....#
#.....+ +.......
...$.....[...# #....#
#.......
....≈.....#### #....#
####'### ..≈≈≈≈....#
#..%.# #.#


You could see a crocodile, an ogre, a worker ant, 2 orc wizards and a rat.

Vanquished Creatures
  A hippogriff (D:7)
  Edmund (D:5)
  A sky beast (D:7)
  An orc warrior (D:7)
  An ice beast (D:5)
  An ogre (D:7)
  A hippogriff zombie (D:5)
  2 giant frogs (D:8)
  An ogre skeleton (D:7)
  A shadow (D:7)
  3 orc priests
  2 iguanas
  4 hounds
  5 orc wizards
  A gnoll shaman (D:7)
  An orange rat (D:7)
  Ijyb (D:2)
  2 jellies
  Terence (D:3)
  A goliath beetle zombie (D:7)
  8 gnolls (D:7)
  3 green rats (D:7)
  9 adders
  An adder skeleton (D:4)
  A giant mite (D:7)
  3 worms
  4 grey rats (D:7)
  3 bat skeletons
  4 giant geckos
  5 oozes
  20 orcs
  4 giant cockroaches
  9 hobgoblins
  11 kobolds
  4 quokkas
  A ball python (D:3)
  15 bats
  6 giant newts
  9 goblins
  A hobgoblin zombie (D:6)
  7 jackals
  A kobold skeleton (D:4)
  19 rats
  A fungus (D:7)
181 creatures vanquished.

Vanquished Creatures (others)
  A big fish (D:3)
  A hobgoblin (D:3)
  A giant newt (D:1)
  A kobold (D:7)
  A rat (D:2)
5 creatures vanquished.

Grand Total: 186 creatures vanquished

Notes
Turn   | Place    | Note
--------------------------------------------------------------
     0 | D:1      | Gabry, the Minotaur Fighter, began the quest for the Orb.
     0 | D:1      | Reached XP level 1. HP: 19/19 MP: 0/0
   155 | D:1      | Reached XP level 2. HP: 10/26 MP: 0/0
   356 | D:1      | Reached skill level 4 in Shields
   360 | D:1      | Reached skill level 1 in Dodging
   594 | D:1      | Reached XP level 3. HP: 26/33 MP: 1/1
  1267 | D:2      | Reached XP level 4. HP: 29/39 MP: 1/1
  1684 | D:2      | Noticed Ijyb
  1696 | D:2      | Killed Ijyb
  2076 | D:3      | Reached XP level 5. HP: 33/46 MP: 1/1
  2337 | D:3      | Found a white marble altar of Elyvilon.
  2624 | D:3      | Noticed Terence
  2632 | D:3      | Killed Terence
  2662 | D:3      | Reached skill level 5 in Shields
  2741 | D:4      | Reached XP level 6. HP: 39/53 MP: 2/2
  2926 | D:4      | Reached skill level 1 in Short Blades
  3163 | D:4      | Found a burning altar of Makhleb.
  3390 | D:5      | Entered Level 5 of the Dungeon
  3500 | D:5      | Noticed Edmund
  3521 | D:5      | Killed Edmund
  3521 | D:5      | Reached skill level 1 in Stealth
  3521 | D:5      | Reached skill level 1 in Traps
  3655 | D:5      | Reached XP level 7. HP: 31/59 MP: 2/2
  3735 | D:5      | Found a radiant altar of Vehumet.
  3881 | D:5      | Reached skill level 6 in Shields
  4227 | D:6      | Noticed a hill giant zombie
  4279 | D:5      | Found a basalt altar of Yredelemnul.
  4504 | D:7      | HP: 1/59 [something (6)]
  4509 | D:7      | Reached skill level 5 in Armour
  4672 | D:7      | Found a sparkling altar of Nemelex Xobeh.
  4801 | D:7      | Reached XP level 8. HP: 48/67 MP: 2/2
  4944 | D:7      | Reached skill level 5 in Dodging
  5673 | D:8      | Reached skill level 7 in Shields
  6400 | D:8      | Noticed Maurice
  6405 | D:8      | Reached skill level 5 in Short Blades
  6411 | D:8      | Found a glowing golden altar of the Shining One.
  6446 | D:8      | HP: 1/67 [ogre/giant club (20)]
  6446 | D:8      | Killed from afar by an orc wizard

Action                   |  1- 3 |  4- 6 |  7- 9 || total
-------------------------+-------+-------+-------++-------
Melee: Mace              |   111 |   111 |     8 ||   230
       Short sword       |       |   122 |   284 ||   406
 Abil: Evoke Berserk Rag |       |       |     1 ||     1
  Use: Scroll            |       |     9 |    15 ||    24
       Potion            |       |     1 |     3 ||     4
